 Dungeon Crawl Stone Soup version 0.29.1-1-gd02db6906a (webtiles) character file.

Game seed: 13251327744877109323

34 byup the Ducker (level 3, -5/26 HPs)
             Began as a Human Wanderer on Oct 12, 2022.
             Slain by Sigmund
             ... wielding a +0 scythe
              (7 damage)
             ... on level 2 of the Dungeon.
             The game lasted 00:08:15 (891 turns).

byup the Ducker (Human Wanderer)                     Turns: 891, Time: 00:08:16

Health: -5/26      AC:  4    Str: 14 (16) XL:     3   Next: 50%
Magic:  3/4        EV: 12    Int:  9 (12) God:
Gold:   130        SH:  0    Dex:  9 (10) Spells: 3/4 levels left

rFire   . . .      SeeInvis .   g - +0 whip (vamp)
rCold   + . .      Faith    .   (no shield)
rNeg    . . .      Spirit   .   d - +0 leather armour
rPois   .          Reflect  .   (no helmet)
rElec   .          Harm     .   b - +0 cloak
rCorr   .          Rampage  .   (no gloves)
Will    .....                   (no boots)
Stlth   +.........              (no amulet)
HPRegen 0.08/turn               e - ring of protection from cold
MPRegen 0.09/turn               (no ring)

@: very slightly contaminated
A: no striking features
a: no special abilities


You were on level 2 of the Dungeon.
You visited 1 branch of the dungeon, and saw 2 of its levels.

You collected 130 gold pieces.

Inventory:

Hand Weapons
 a - a +0 spear
 g - a +0 vampiric whip (weapon)
Missiles
 h - 20 stones (quivered)
Armour
 b - a +0 cloak (worn)
 d - a +0 leather armour (worn)
Magical Staves
 f - a staff of air
Jewellery
 e - a ring of protection from cold (left hand)
Scrolls
 c - a scroll of silence
Potions
 i - 2 potions of curing {unknown}
 k - a potion of haste {unknown}
 l - a potion of attraction {unknown}


   Skills:
 + Level 1.4 Fighting
 + Level 1.0(1.1) Polearms
 + Level 0.8(1.1) Staves
 + Level 0.7 Armour
 + Level 4.6 Dodging
 + Level 1.0 Stealth
 + Level 1.0 Spellcasting
 + Level 2.0 Summonings


You had 3 spell levels left.
You knew the following spells:

 Your Spells              Type           Power      Damage    Failure   Level
a - Summon Small Mammal   Summ           16%        N/A       21%         1

Your spell library contained the following spells:

 Spells                   Type           Power      Damage    Failure   Level
 Beastly Appendage        Tmut           0%         N/A       43%         1
 Wereblood                Tmut           0%         N/A       56%         2
 Summon Guardian Golem    Hex/Summ       2%         N/A       67%         3
 Spider Form              Tmut/Pois      0%         N/A       80%         3
 Stone Arrow              Conj/Erth      0%         3d7       80%         3
 Animate Armour           Summ/Erth      4%         N/A       97%         4
 Summon Ice Beast         Ice/Summ       2%         N/A       97%         4
 Lehudib's Crystal Spear  Conj/Erth      0%         10d2      100%        8


Dungeon Overview and Level Annotations

Branches:
Dungeon (2/15)

Altars:

Annotations:
D:2 Sigmund


Message History

You throw a stone.
The stone hits the kobold but does no damage.
Casting: Summon Small Mammal (safe; 21% risk of failure)
Confirm with . or Enter, or press ? or * to list all spells.
You miscast Summon Small Mammal.
You are very lightly contaminated with residual magic.
Nothing appears to happen.
Casting: Summon Small Mammal (safe; 21% risk of failure)
Confirm with . or Enter, or press ? or * to list all spells.
You miscast Summon Small Mammal.
Nothing appears to happen.
The kobold completely misses you.
Sigmund hits you from afar with a +0 scythe.
The kobold closely misses you.
You hit the kobold but do no damage. The kobold hits you but does no damage.
You barely miss the kobold.
Sigmund mumbles some strange words.
Sigmund flickers and vanishes!
Deactivating autopickup; reactivate with Ctrl-A.
The kobold hits you but does no damage.
You hit the kobold.
The kobold is heavily wounded.
Something hits you. The kobold misses you.
You barely miss the kobold.
The kobold is heavily wounded.
Something hits you. The kobold closely misses you.
You closely miss the kobold.
The kobold is heavily wounded.
The kobold closely misses you. Something hits you.
You barely miss the kobold.
The kobold is heavily wounded.
The kobold hits you with a +0 dagger.
You barely miss the kobold.
The kobold is heavily wounded.
Something hits you!
* * * LOW HITPOINT WARNING * * *
The kobold hits you but does no damage.
You hit the kobold but do no damage.
The kobold is heavily wounded.
The kobold hits you but does no damage. Something hits you!
You die...

# #. ## .# # ##.###. .. .# #.
..#... .< ..##.. .##.... #K
..#.. .......##. #.... .!.).....
##############....
........#######@................
..?...(......{K.#...#########...
.......##########.### ###.....
....... .........# ###)..###.
...#### ########## #...### #. ##
#.### # #.# # ##.# . ##..#


You could see a kobold.

Vanquished Creatures
  An adder (D:2)
  3 ball pythons (D:1)
  A bat (D:1)
  4 endoplasms (D:1)
  A giant cockroach (D:1)
  4 kobolds (D:1)
  2 quokkas (D:1)
  2 frilled lizards (D:1)
  A goblin (D:1)
  4 rats (D:1)
23 creatures vanquished.

Vanquished Creatures (collateral kills)
  A bat (D:1)
1 creature vanquished.

Vanquished Creatures (others)
  2 plants (D:1)
2 creatures vanquished.

Grand Total: 26 creatures vanquished

Notes
Turn   | Place    | Note
-------+----------+-------------------------------------------
     0 | D:1      | byup the Human Wanderer began the quest for the Orb.
     0 | D:1      | byup set off with the following items: a +0 spear, a +0
                  | cloak, a scroll of silence, a +0 leather armour; and the
                  | following spell memorised: Summon Small Mammal; and the
                  | following spells available to memorise: Summon Guardian
                  | Golem, Summon Ice Beast.
     0 | D:1      | Reached XP level 1. HP: 15/15 MP: 2/2
   101 | D:1      | Reached XP level 2. HP: 11/21 MP: 3/3
   406 | D:1      | Reached XP level 3. HP: 16/26 MP: 4/4
   413 | D:1      | Found a faded altar of an unknown god.
   867 | D:2      | Noticed Sigmund
   891 | D:2      | Slain by Sigmund

Illustrated notes

Levels and vault maps discovered:
D:1:      heliophobic_arrival_ceremonial_halls, layout_rooms,
          dreamdust_ecumenical_altar_grove
D:2:      layout_rooms, uniq_sigmund

Action                   || total
-------------------------++-------
Melee: Staff             ||    29
       Whip              ||    73
Throw: Javelin           ||     3
       Stone             ||     1
 Cast: Summon Small Mamm ||     2
  Use: Potion            ||     1
       Scroll            ||     3
Armor: Leather armour    ||    41
Dodge: Dodged            ||    91
